Map: Purity and Industry LE

Players

JohnnyV

  • Race: Terran Terran
  • League: Bronze
  • Spawn Location: 12:00

miKihau - Winner!

  • Race: Terran Terran
  • League: Diamond
  • Spawn Location: 3:00

VOD

Have the link to the VOD?

Description

Time

  • Played on: April 30, 2020, 2:20 p.m.
  • Length: 4:28
Show
View Real Time Build Order
Export as new Build Order

JohnnyV Terran 

Build Orders:  

Get SALT Encoding   

  12  0:01  SCV  
  13  0:16  SCV, Supply Depot  
  14  0:29  SCV  
  14  0:30  Refinery  
  15  0:42  Barracks  
  15  0:47  SCV  
  16  0:59  SCV  
  17  1:09  Refinery  
  17  1:11  SCV  
  18  1:23  SCV  
  19  1:31  Reaper  
  20  1:36  SCV  
  20  1:37  Supply Depot  
  21  1:49  Orbital Command  
  21  1:56  Factory  
  21  2:15  Barracks Tech Lab  
  21  2:21  SCV  
  22  2:40  Marine  
  22  2:42  Hellion  
  24  2:59  Marine  
  24  3:04  Hellion  
  27  3:12  SCV  
  28  3:20  Marine  
  28  3:22  Command Center  
  28  3:25  Ghost Academy  
  29  3:28  Hellion  
  29  3:29  Refinery  
  31  3:42  Supply Depot  
  31  3:48  Marine  
  32  4:04  Widow Mine  
Show
View Real Time Build Order
Export as new Build Order

miKihau Terran - Winner!

Build Orders: 1/1/1, Liberator Opening 

Get SALT Encoding   

  12  0:01  SCV  
  13  0:13  SCV  
  14  0:17  Supply Depot  
  14  0:25  SCV  
  15  0:28  Refinery  
  15  0:39  SCV  
  16  0:45  Barracks  
  16  0:51  SCV  
  16  0:55  Refinery  
  17  1:03  SCV  
  18  1:15  SCV  
  19  1:31  Orbital Command  
  19  1:32  Reaper  
  20  1:36  Factory  
  20  1:44  Supply Depot  
  20  1:57  SCV  
  21  2:04  Reaper  
  22  2:09  SCV  
  23  2:20  Hellion  
  23  2:21  SCV  
  26  2:24  Supply Depot, Starport  
  26  2:36  Reaper  
  27  2:41  SCV  
  27  2:43  Hellion  
  30  2:52  Supply Depot  
  30  3:02  Liberator  
  33  3:06  Factory Tech Lab  
  33  3:10  Barracks Reactor  
  33  3:13  SCV  
  34  3:27  Command Center  
  34  3:34  SCV  
  35  3:36  Cyclone  
  38  4:00  SCV  
  38  4:03  Marine x2  
  38  4:05  Starport Tech Lab  
  39  4:12  SCV  
Tags
 
Add a new tag
Caveats
  • Supply blocks, unpowered buildings, or Contaminate may cause inaccurate times.
  • Supply counts are checked every 10 seconds.